 Dungeon Crawl Stone Soup version 0.31-a0-931-g7b59d4eb97 (webtiles) character file.

Game seed: 8711644067016191723

88 Dirtsage the Ruffian (level 4, -10/27 (29) HPs)
             Began as an Octopode Shapeshifter on Oct 19, 2023.
             Mangled by a gnoll
             ... wielding a +2 flail of draining
              (12 damage)
             ... on level 2 of the Dungeon.
             The game lasted 00:01:39 (733 turns).

Dirtsage the Ruffian (Octopode Shapeshifter)         Turns: 733, Time: 00:01:39

HP:   -10/27 (29)   AC:  1    Str: 15    XL:     4   Next: 54%
MP:   4/4           EV: 13    Int: 12    God:
Gold: 27            SH:  0    Dex: 11    Spells: 3/3 levels left

rFire   . .          .
                       - Unarmed
rCold   . . .        (no shield)
rNeg    . . .        (helmet currently unavailable)
rPois   .            (no amulet)
rElec   .            (no ring)
rCorr   .            (no ring)
SInv    .            (no ring)
Will    .....        (no ring)
Stlth   ++           (no ring)
HPRegen 0.24/turn    (no ring)
MPRegen 0.09/turn    (no ring)
                     (no ring)

%: no passive effects
@: beast-form, drained
A: beast (slay +2), almost no armour, amphibious, 8 rings, camouflage 1,
gelatinous body 1, (nimble swimmer 1), tentacles
a: Begin Untransformation


You were on level 2 of the Dungeon.
You were a hulking beast.
You visited 1 branch of the dungeon, and saw 2 of its levels.

You collected 27 gold pieces.

Inventory:

Talismans
 b - a beast talisman (active)
 c - a flux talisman
Wands
 g - a wand of flame (16)
Scrolls
 d - a scroll of identify {unknown}
 f - a scroll of teleportation {unknown}
Potions
 a - a potion of lignification
 e - a potion of might {unknown}
 h - a potion of invisibility {unknown}


   Skills:
 + Level 2.0 Fighting
 - Level 2.0 Dodging
 * Level 4.0 Unarmed Combat
 * Level 3.8 Shapeshifting


You had 3 spell levels left.
You didn't know any spells.
Your spell library was empty.

Dungeon Overview and Level Annotations

Branches:
Dungeon (2/15)

Altars:


Innate Abilities, Weirdness & Mutations

You are a hulking beast.
Your limbs bulge with bestial killing power. (Slay +2)
You cannot wear most types of armour.
You are amphibious.
You can wear up to eight rings at the same time.
Your skin changes colour to match your surroundings (Stealth+).
Your rubbery body absorbs attacks. (AC +1, EV +1)
((You are camouflaged when in or above water. (Stealth+)))
You have tentacles for arms and can constrict up to eight enemies at once.


Message History

You kill the gnoll!
The gnoll misses you.
You see here a +0 club.
You tentacle-slap the gnoll. Your grab misses the gnoll.
Your tentacle-slap misses the gnoll.
The gnoll is moderately wounded.
The gnoll closely misses you.
You tentacle-slap the gnoll. You grab the gnoll. You squeeze the gnoll.
You kill the gnoll!
Your Fighting skill increases to level 2!
You bludgeon the gnoll! You grab the gnoll.
The gnoll is severely wounded.
You constrict the gnoll. The gnoll closely misses you.
You tentacle-slap the gnoll but do no damage.
The gnoll is severely wounded.
You constrict the gnoll. The gnoll barely misses you.
You tentacle-slap the gnoll but do no damage.
Your squeeze misses the gnoll.
The gnoll is almost dead.
You constrict the gnoll.
A rat comes into view.
The gnoll hits you with a +0 club.
You take 5 damage, and have 16/29 hp.
You tentacle-slap the gnoll.
You kill the gnoll!
Your Unarmed Combat skill increases to level 4!
You barely miss the gnoll. Your grab misses the gnoll.
The gnoll hits you with a +2 flail of draining!
* * * LOW HITPOINT WARNING * * *
You feel drained.
* * * LOW HITPOINT WARNING * * *
You take 15 damage, and have 1/27 hp.
MASSIVE DAMAGE!!
You tentacle-slap the gnoll. You grab the gnoll.
The gnoll is lightly wounded.
You constrict the gnoll, but do no damage.
You tentacle-slap the gnoll.
The gnoll is heavily wounded.
You constrict the gnoll.
The gnoll hits you with a +2 flail of draining!
You die...

.........##....#.##.#
#..#.....##....#.....
#..#.....##..........
....................
..#...####..........
..#.................
#).#####r#....#.# #..
#g#......# #..
#h#..#....#
...#####.#..#.#...
...
..................
...
#..#####.#........ ..
........#.##.#### ..
........#.# ## ####
........#.#######....
...........).......##
#
.......##.##.........
#.


You could see a gnoll and a rat.

Vanquished Creatures
  3 gnolls (D:2)
  An adder (D:2)
  5 endoplasms
  5 giant cockroaches
  5 goblins
  4 hobgoblins
  6 kobolds
  3 quokkas (D:1)
  8 ball pythons
  2 frilled lizards (D:1)
  5 rats (D:1)
47 creatures vanquished.

Notes
Turn   | Place    | Note
-------+----------+-------------------------------------------
     0 | D:1      | Dirtsage the Octopode Shapeshifter began the quest for the
                  | Orb.
     0 | D:1      | Reached XP level 1. HP: 13/13 MP: 1/1
   176 | D:1      | Reached XP level 2. HP: 14/18 MP: 2/2
   317 | D:1      | Reached XP level 3. HP: 20/23 MP: 3/3
   400 | D:1      | Found a faded altar of an unknown god.
   696 | D:2      | Reached XP level 4. HP: 29/29 MP: 4/4
   731 | D:2      | Reached skill level 4 in Unarmed Combat
   731 | D:2      | HP: 1/27 [gnoll/+2 flail of draining (4)]
   733 | D:2      | Mangled by a gnoll

Illustrated notes

Levels and vault maps discovered:
D:1:      beargit_arrival_diablo_church, layout_rooms, basic_ecumenical_altar
D:2:      layout_basic, serial_shops, nicolae_shop_bloodbath_and_beyond,
          kennysheep_generic_room_15

Skill      XL: |  1  2  3  4 |
---------------+-------------+-----
Fighting       | 2 |  2.0
Unarmed Combat | 4 |  4.0
Dodging        | |  2.0
Shapeshifting  | |  3.8

Action                     |  1- 3 |  4- 6 || total
---------------------------+-------+-------++-------
  Melee: Unarmed           |    75 |    15 ||    90
         Constrict         |    19 |     4 ||    23
         Tentacles         |    15 |     4 ||    19
         Punch             |     1 |       ||     1
   Stab: Sleeping          |     3 |       ||     3
 Armour: Skin              |    22 |     5 ||    27
  Dodge: Dodged            |    52 |     9 ||    61

Table legend: (Time is in decaauts)
 A = Elapsed time spent in this place.
 B = Non-inter-level travel time spent in this place.
 C = Inter-level travel time spent in this place.
 D = Time resting spent in this place.
 E = Time spent auto-exploring this place.
 F = Levels seen in this place.
 G = Mean time per level.
                   A        B        C        D        E       F      G
               +--------+--------+--------+--------+--------+-----+--------+
         Total |    727 |    711 |     16 |     21 |    476 |   2 |  363.5 |
       Dungeon |    727 |    711 |     16 |     21 |    476 |   2 |  363.5 |
               +--------+--------+--------+--------+--------+-----+--------+

Top non-repeatable levels by time:
     D:1: 603 daAuts
     D:2: 124 daAuts
